 Dungeon Crawl Stone Soup version 0.31.0-9-g3a7656b989 (webtiles) character file.

Game seed: 7680448006400346567

2669 qw the Nimble (level 9, -1/41 (44) HPs)
             Began as a Spriggan Hunter on Feb 2, 2024.
             Was a Believer of Okawaru.
             Slain by a wight
             ... wielding a +1 flail
              (7 damage)
             ... on level 7 of the Dungeon.
             The game lasted 00:00:26 (5368 turns).

qw the Nimble (Spriggan Hunter)                     Turns: 5368, Time: 00:00:26

HP:   -1/41 (44)    AC:  4    Str:  7    XL:     9   Next: 37%
MP:   13/13         EV: 31    Int: 10    God:    Okawaru [**....]
Gold: 223           SH:  0    Dex: 23    Spells: 8/8 levels left

rFire   + . .        h - +1 shortbow (flame)
rCold   . . .        (shield currently unavailable)
rNeg    . . .        c - +0 robe
rPois   +            (helmet restricted)
rElec   .            e - +1 cloak
rCorr   .            (gloves unavailable)
SInv    +            (boots unavailable)
Will    +....        f - amulet of Optimism {rF+ Regen+}
Stlth   ++           g - +5 ring of evasion
HPRegen 1.06/turn    l - ring of poison resistance
MPRegen 0.13/turn

%: no passive effects
@: about to teleport, drained, very quick
A: very small, no large weapons, unfitting armour, see invisible, speed 3
a: Renounce Religion, Heroism


You were on level 7 of the Dungeon.
You worshipped Okawaru.
Okawaru was pleased with you.
You visited 1 branch of the dungeon, and saw 7 of its levels.

You collected 293 gold pieces.
You spent 70 gold pieces at shops.


Innate Abilities, Weirdness & Mutations

You are very small and have problems with some larger weapons.
You are too small for most types of armour.
You have supernaturally acute eyesight. (SInv)
You cover ground extremely quickly. (Speed+++)


   Skills:
 - Level 3.2 Fighting
 + Level 9.9 Ranged Weapons
 - Level 10.0 Dodging
 - Level 1.5 Stealth
 - Level 4.0 Invocations


You had 8 spell levels left.
You didn't know any spells.
Your spell library was empty.

Inventory:

Hand Weapons
 h - a +1 shortbow of flaming (weapon)
Armour
 c - a +0 robe (worn)
 e - a +1 cloak (worn)
Jewellery
 a - a +6 ring of strength
 f - the amulet of Optimism (around neck) {rF+ Regen+}
   (You acquired it on level 3 of the Dungeon)

   [amulet of regeneration]

   rF+:       It protects you from fire.
   Regen+:    It increases your rate of health regeneration.
 g - a +5 ring of evasion (left hand)
 l - a ring of poison resistance (right hand)
Wands
 b - a wand of polymorph (7)
 i - a wand of mindburst (18)
Scrolls
 j - 5 scrolls of teleportation
 k - a scroll of identify
Potions
 d - 2 potions of heal wounds
 m - a potion of resistance
 n - a potion of curing
 p - a potion of haste

Dungeon Overview and Level Annotations

Branches:
Dungeon (7/15)
 Temple: D:4-7

Altars:
Dithmenos
Nemelex Xobeh
Okawaru
Ru
The Shining One

Shops:
D:3 *

Annotations:
D:3 2 transporters
D:6 3 runed translucent doors, qw's ghost, novice DjHu


Message History

The wight hits you with a +0 great sword!
You feel drained.
A wight comes into view. It is wielding a +1 flail.
5352 ||| RETREEEEATING.
You shoot an arrow. The arrow hits the wight!
The arrow burns the wight.
The wight is almost destroyed.
You shoot an arrow. The arrow barely misses the wight.
The wight completely misses you. The wight closely misses you.
5355 ||| RETREEEEATING.
5356 ||| RETREEEEATING.
5357 ||| RETREEEEATING.
5358 ||| RETREEEEATING.
You start resting.
There are monsters nearby!
You shoot an arrow. The arrow hits the wight.
The arrow burns the wight.
You destroy the wight!
Okawaru accepts your kill.
You shoot an arrow. The arrow hits the wight.
The arrow burns the wight.
The wight is moderately damaged.
You shoot an arrow. The arrow hits the wight!
The arrow burns the wight.
The wight is almost destroyed.
The wight hits you with a +0 great sword!
You feel drained. The wight misses you.
You shoot an arrow. The arrow closely misses the wight.
The wight completely misses you. x2
You shoot an arrow. The arrow barely misses the wight.
The wight misses you. The wight closely misses you.
You shoot an arrow. The arrow hits the wight.
The arrow burns the wight.
You destroy the wight!
Okawaru accepts your kill.
You shoot an arrow. The arrow hits the wight.
The arrow burns the wight.
The wight is lightly damaged.
The wight completely misses you.
You shoot an arrow. The arrow closely misses the wight.
The wight hits you with a +1 flail!
You feel drained.
5368 ||| READING 6 scrolls of teleportation.
As you read the scroll of teleportation, it crumbles to dust.
You feel strangely unstable. The wight hits you with a +1 flail!
You die...

. .. #.. #### ....
#..## ....z ###...#
#.....#....###
#......z.?.#@# ##
.(.........z)####.##
..........#...#.<..#
.##.......##.......#
.........#..[.....#
...##......./.....##
... ##.##.........#
.. .. #.........#
.[..........#..#


You could see a wight.

Vanquished Creatures
  Grinder (D:5)
  Prince Ribbit (D:5)
  Sigmund (D:2)
  Edmund (D:4)
  A water moccasin (D:5)
  Duvessa (D:6)
  An ice beast (D:6)
  2 sky beasts
  A black bear (D:6)
  A centaur (D:6)
  An ogre (D:4)
  2 phantoms
  2 bullfrogs
  Blork the orc (D:4)
  3 scorpions
  2 wights (D:7)
  Dowan (D:6)
  A bombardier beetle (D:6)
  A gnoll bouda (D:6)
  4 hounds
  3 iguanas
  A sleepcap (D:5)
  3 orc wizards
  4 adders
  6 gnolls
  A shadow imp (D:6)
  2 white imps
  2 ribbon worms
  2 dart slugs
  8 orcs
  4 bats
  9 endoplasms
  4 giant cockroaches
  6 hobgoblins
  3 jackals (D:1)
  2 quokkas
  7 ball pythons
  4 frilled lizards
  14 goblins
  8 kobolds
  7 rats
129 creatures vanquished.

Notes
Turn   | Place    | Note
-------+----------+-------------------------------------------
     0 | D:1      | qw the Spriggan Hunter began the quest for the Orb.
     0 | D:1      | Reached XP level 1. HP: 10/10 MP: 2/2
     0 | D:1      | 0 ||| qw: Version: 0.3-a-155-g5e7d8dd
     0 | D:1      | 0 ||| qw: Game counter: 2538
     0 | D:1      | 0 ||| qw: Melee chars always use a shield: true
     0 | D:1      | 0 ||| qw: God list: Okawaru
     0 | D:1      | 0 ||| qw: Allow faded altars: false
     0 | D:1      | 0 ||| qw: Do Orc after clearing Dungeon:15 true
     0 | D:1      | 0 ||| qw: Do second Lair branch before Depths: true
     0 | D:1      | 0 ||| qw: Lair rune preference: random
     0 | D:1      | 0 ||| qw: Goals: Normal
     0 | D:1      | 0 ||| PLANNING D:1-11
    40 | D:1      | Reached skill level 3 in Dodging
   107 | D:1      | Reached XP level 2. HP: 14/14 MP: 3/3
   345 | D:1      | Reached skill level 4 in Dodging
   674 | D:1      | Reached XP level 3. HP: 18/18 MP: 4/4
   694 | D:1      | Found a faded altar of an unknown god.
   952 | D:1      | 952 ||| UPGRADING to +0 cloak.
   957 | D:1      | 957 ||| READING scroll labelled QYDOWKUDGHU.
   958 | D:1      | 958 ||| READING scroll labelled IFOUDA GAOHEU.
   959 | D:1      | 959 ||| READING scroll labelled KUKKUQ HUCW.
   959 | D:1      | 959 ||| IDENTIFYING orange potion
   960 | D:1      | 960 ||| DROPPING scroll of butterflies.
  1037 | D:2      | Noticed Sigmund
  1038 | D:2      | 1038 ||| DRINKING potion of haste.
  1048 | D:2      | 1048 ||| DRINKING black potion.
  1049 | D:2      | 1049 ||| DRINKING bubbling black potion.
  1064 | D:2      | Killed Sigmund
  1065 | D:2      | Reached skill level 6 in Ranged Weapons
  1065 | D:2      | Reached XP level 4. HP: 7/22 MP: 5/5
  1065 | D:2      | Reached XP level 5. HP: 8/25 MP: 6/6
  1842 | D:2      | 1842 ||| UPGRADING to +5 ring of evasion.
  1843 | D:2      | 1843 ||| READING scroll of identify.
  1843 | D:2      | 1843 ||| IDENTIFYING inky potion
  1844 | D:2      | 1844 ||| READING scroll labelled MINUAWKOETIO.
  1849 | D:2      | 1849 ||| READING scroll labelled OJU HUPNAISOM.
  1942 | D:3      | Found a sparkling altar of Nemelex Xobeh.
  1963 | D:3      | Found Amecett's General Store.
  1970 | D:3      | 1970 ||| BUYING potion of heal wounds (50 gold).
  1970 | D:3      | Bought a potion of heal wounds for 50 gold pieces
  1970 | D:3      | 1970 ||| SHOPLISTING scroll of enchant weapon (75 gold,
                  | have 26).
  1970 | D:3      | 1970 ||| BUYING scroll of identify (20 gold).
  1970 | D:3      | Bought a scroll of identify for 20 gold pieces
  1970 | D:3      | 1970 ||| SHOPLISTING wand of iceblast (7) (168 gold, have
                  | 6).
  1985 | D:3      | Found a glowing golden altar of the Shining One.
  2094 | D:3      | Found a transporter.
  2103 | D:3      | Found a transporter.
  2371 | D:3      | 2371 ||| UPGRADING to ring of poison resistance.
  2372 | D:3      | 2372 ||| READING scroll of identify.
  2372 | D:3      | 2372 ||| IDENTIFYING bubbling inky potion
  2373 | D:3      | 2373 ||| READING scroll labelled RYR QEOFAKENU.
  2373 | D:3      | Identified a scroll of acquirement
  2373 | D:3      | 2373 ||| ACQUIRING amulet of Optimism {rF+ Regen+}
  2373 | D:3      | Acquired the amulet of Optimism {rF+ Regen+}
  2375 | D:3      | 2375 ||| UPGRADING to amulet of Optimism {rF+ Regen+}.
  2380 | D:3      | 2380 ||| READING scroll labelled TUOVEN PUQAE.
  2381 | D:3      | 2381 ||| READING scroll labelled PIKUMACLAURPH.
  2482 | D:3      | 2482 ||| DROPPING potion of invisibility.
  2541 | D:4      | Noticed Edmund
  2574 | D:4      | HP: 6/25 [Edmund/puff of flame (5)]
  2575 | D:4      | 2575 ||| DRINKING 2 potions of heal wounds.
  2582 | D:4      | Killed Edmund
  2583 | D:4      | Reached skill level 6 in Dodging
  2583 | D:4      | Reached XP level 6. HP: 30/30 MP: 7/7
  2777 | D:4      | Reached XP level 7. HP: 16/35 MP: 8/8
  2835 | D:4      | Noticed Blork the orc
  2837 | D:4      | 2837 ||| ZAPPING wand of flame (12) at 4,-5 (Blork the orc;
                  | floor).
  2838 | D:4      | 2838 ||| ZAPPING wand of flame (11) at 3,-4 (Blork the orc;
                  | floor).
  2839 | D:4      | 2839 ||| ZAPPING wand of flame (10) at 1,-2 (Blork the orc;
                  | floor).
  2840 | D:4      | 2840 ||| ZAPPING wand of flame (9) at 0,-1 (Blork the orc;
                  | floor).
  2841 | D:4      | 2841 ||| ZAPPING wand of flame (8) at 0,-1 (Blork the orc;
                  | floor).
  2842 | D:4      | 2842 ||| ZAPPING wand of flame (7) at 0,-1 (Blork the orc;
                  | floor).
  2843 | D:4      | 2843 ||| ZAPPING wand of flame (6) at 0,-1 (Blork the orc;
                  | floor).
  2843 | D:4      | Killed Blork the orc
  2971 | D:4      | Found an iron altar of Okawaru.
  2972 | D:4      | 2972 ||| PLANNING OKAWARU WORSHIP
  2972 | D:4      | 2972 ||| READING 3 scrolls of identify.
  2972 | D:4      | 2972 ||| IDENTIFYING scroll labelled COLUME ICEARO
  2973 | D:4      | 2973 ||| DROPPING scroll of noise.
  2981 | D:4      | Became a worshipper of Warmaster Okawaru
  2982 | D:4      | 2982 ||| PLANNING D:1-11
  3694 | D:5      | Entered Level 5 of the Dungeon
  3705 | D:5      | Reached skill level 7 in Dodging
  3705 | D:5      | 3705 ||| FLEEEEING.
  3762 | D:5      | Noticed Prince Ribbit
  3775 | D:5      | Killed Prince Ribbit
  3833 | D:5      | Reached * piety under Okawaru
  3852 | D:5      | 3852 ||| RETREEEEATING.
  3854 | D:5      | 3854 ||| RETREEEEATING.
  3855 | D:5      | 3855 ||| RETREEEEATING.
  3868 | D:5      | Reached skill level 1 in Invocations
  3868 | D:5      | Reached XP level 8. HP: 29/39 MP: 9/9
  3970 | D:5      | Reached skill level 8 in Dodging
  3990 | D:5      | Noticed Grinder
  3991 | D:5      | 3991 ||| INVOKING Heroism.
  4019 | D:5      | Paralysed by Grinder for 2 turns
  4022 | D:5      | 4022 ||| INVOKING Heroism.
  4024 | D:5      | Killed Grinder
  4025 | D:5      | Reached skill level 3 in Invocations
  4206 | D:5      | Reached skill level 3 in Fighting
  4282 | D:5      | Found a sacrificial altar of Ru.
  4411 | D:5      | 4411 ||| READING 3 scrolls of identify.
  4411 | D:5      | 4411 ||| IDENTIFYING fizzy sapphire potion
  4412 | D:5      | 4412 ||| READING 2 scrolls of identify.
  4412 | D:5      | 4412 ||| IDENTIFYING brown potion
  4413 | D:5      | 4413 ||| READING scroll of identify.
  4413 | D:5      | 4413 ||| IDENTIFYING scroll labelled BUWOECZELY
  4414 | D:5      | 4414 ||| READING scroll labelled BAFRUQ NYUF.
  4414 | D:5      | 4414 ||| ENCHANTING +0 shortbow.
  4415 | D:5      | 4415 ||| DROPPING scroll of poison.
  4416 | D:5      | 4416 ||| DROPPING potion of brilliance.
  4474 | D:6      | 4474 ||| FLEEEEING.
  4475 | D:6      | 4475 ||| FLEEEEING.
  4476 | D:6      | 4476 ||| FLEEEEING.
  4477 | D:6      | 4477 ||| FLEEEEING.
  4478 | D:6      | 4478 ||| FLEEEEING.
  4479 | D:6      | 4479 ||| FLEEEEING.
  4480 | D:6      | 4480 ||| FLEEEEING.
  4481 | D:6      | 4481 ||| FLEEEEING.
  4515 | D:6      | 4515 ||| SWAPPING to +1 shortbow of flaming.
  4516 | D:6      | 4516 ||| DROPPING +1 shortbow.
  4544 | D:6      | 4544 ||| INVOKING Heroism.
  4603 | D:6      | Reached skill level 9 in Ranged Weapons
  4637 | D:6      | Reached XP level 9. HP: 44/44 MP: 13/13
  4719 | D:6      | Reached skill level 9 in Dodging
  4725 | D:6      | Reached ** piety under Okawaru
  4783 | D:6      | Found a runed translucent gate.
  4785 | D:6      | Found a runed translucent gate.
  4786 | D:6      | Found a runed translucent gate.
  4789 | D:6      | Noticed qw's ghost (novice DjHu)
  4790 | D:6      | Noticed Dowan
  4792 | D:6      | Noticed Duvessa
  4795 | D:6      | 4795 ||| INVOKING Heroism.
  4802 | D:6      | Killed Duvessa
  4803 | D:6      | Reached skill level 10 in Dodging
  4804 | D:6      | Killed Dowan
  4918 | D:6      | Found a shadowy altar of Dithmenos.
  5292 | D:6      | 5292 ||| READING scroll of identify.
  5292 | D:6      | 5292 ||| IDENTIFYING purple potion
  5293 | D:6      | 5293 ||| READING scroll labelled DEGRU DYMUFROSCH.
  5293 | D:6      | 5293 ||| ENCHANTING +0 cloak.
  5294 | D:6      | 5294 ||| DROPPING wand of flame (5).
  5352 | D:7      | 5352 ||| RETREEEEATING.
  5355 | D:7      | 5355 ||| RETREEEEATING.
  5356 | D:7      | 5356 ||| RETREEEEATING.
  5357 | D:7      | 5357 ||| RETREEEEATING.
  5358 | D:7      | 5358 ||| RETREEEEATING.
  5367 | D:7      | HP: 9/42 [wight/+1 flail (8)]
  5368 | D:7      | 5368 ||| READING 6 scrolls of teleportation.
  5368 | D:7      | Slain by a wight

Levels and vault maps discovered:
D:1:      nicolae_arrival_somewhat_less_tricky_arrival, layout_loops_corners,
          hellmonk_ecumenical_altar_heavens_door, nicolae_the_louvre
D:2:      layout_basic, uniq_sigmund
D:3:      gammafunk_steamed_eel, layout_basic, nemelex_spade_bored_becter,
          mainiacjoe_overflow_alcove_2, serial_shops, shop
D:4:      layout_layer_cave, mainiacjoe_overflow_paths, serial_bayou,
          serial_bayou_lagoon_a, serial_bayou_ford_a, serial_bayou_lake_a,
          serial_bayou_pond_b, minmay_ogre_servants, uniq_blork_the_orc,
          uniq_edmund
D:5:      layout_loops_ring, kennysheep_mini, uniq_prince_ribbit1, uniq_grinder
D:6:      layout_basic, grunt_dithmenos_shadows, gammafunk_ghost_split,
          serial_bayou_pond_e, uniq_duvessa
D:7:      layout_cave_pools, nicolae_overflow_hidden_temple,
          minmay_temple_entry_sparse_star

Skill      XL: |  1  2  3  4  5  6  7  8  9 |
---------------+----------------------------+-----
Dodging        | 3 4 6 7 8 10 | 10.0
Ranged Weapons | 6 7 8 9 |  9.9
Fighting       | 2 3 |  3.2
Invocations    | 1 4 |  4.0
Stealth        | |  1.5

Action                     |  1- 3 |  4- 6 |  7- 9 || total
---------------------------+-------+-------+-------++-------
   Fire: Shortbow          |    82 |   150 |   297 ||   529
 Invoke: Heroism           |       |       |     4 ||     4
  Evoke: Wand              |       |       |     7 ||     7
    Use: Scroll            |     3 |     7 |     8 ||    18
         Potion            |     3 |     1 |       ||     4
 Armour: Robe              |     5 |    26 |    41 ||    72
  Dodge: Dodged            |    19 |    71 |   128 ||   218

Table legend:
 A = Non-vault XP
 B = Vault XP
 C = Vault XP percentage of total XP
 D = Non-vault monster count
 E = Vault monster count
 F = Vault count percentage of total count
                 A         B        C        D         E       F
            +---------+---------+-------+---------+---------+-------
      Total |    2355 |    1458 |  38.2 |     108 |      21 |  16.3
            +---------+---------+-------+---------+---------+-------
        D:1 |      44 |       0 |   0.0 |      27 |       0 |   0.0
        D:2 |      33 |     239 |  87.9 |      20 |       1 |   4.8
        D:3 |      31 |       0 |   0.0 |      10 |       0 |   0.0
        D:4 |      89 |     431 |  82.9 |       9 |      15 |  62.5
        D:5 |     721 |     563 |  43.8 |      18 |       2 |  10.0
        D:6 |    1164 |     225 |  16.2 |      21 |       3 |  12.5
        D:7 |     273 |       0 |   0.0 |       3 |       0 |   0.0
            +---------+---------+-------+---------+---------+-------
